 Dungeon Crawl Stone Soup version 0.28-a0-872-g80cf8599ee (webtiles) character file.

Game seed: 6547261516565428562

414 orbtoucher the Stinger (level 6, -7/41 HPs)
             Began as an Octopode Venom Mage on Nov 21, 2021.
             Mangled by a wyvern (17 damage)
             ... on level 4 of the Dungeon.
             The game lasted 00:18:48 (4449 turns).

orbtoucher the Stinger (Octopode Venom Mage)        Turns: 4449, Time: 00:18:49

Health: -7/41      AC:  1    Str:  7    XL:     6   Next: 91%
Magic:  7/9        EV: 14    Int: 19    God:
Gold:   95         SH:  0    Dex: 13    Spells: 2/9 levels left

rFire   . . .      SeeInvis .   a - +1 dagger
rCold   . . .      Faith    .   (no shield)
rNeg    . . .      Spirit   .   (helmet restricted)
rPois   .          Reflect  .   f - amulet of magic regeneration
rElec   .          Harm     .   l - ring of resist corrosion
rCorr   +          Rampage  .   (no ring)
Will    .....                   (no ring)
Stlth   ++++......              (no ring)
HPRegen 0.13/turn               (no ring)
MPRegen 0.36/turn               (no ring)
                                (no ring)
                                (no ring)

@: brilliant
A: almost no armour, amphibious, 8 rings, camouflage 1, gelatinous body 1,
(nimble swimmer 1), tentacles
a: no special abilities


You were on level 4 of the Dungeon.
You visited 1 branch of the dungeon, and saw 4 of its levels.

You collected 95 gold pieces.

Inventory:

Hand Weapons
 a - a +1 dagger (weapon)
 b - a +0 short sword
 w - a +0 spear
Missiles
 c - 25 stones
 i - 5 boomerangs (quivered)
 j - 12 sling bullets
Jewellery
 f - an amulet of magic regeneration (around mantle)
 l - a ring of resist corrosion (left tentacle)
 o - a +4 ring of evasion
Scrolls
 k - a scroll of amnesia {unknown}
Potions
 d - a potion of brilliance
 e - 4 potions of curing
 m - a potion of berserk rage {unknown}
 n - a potion of mutation {unknown}
 p - a potion of haste {unknown}


   Skills:
 + Level 2.8 Fighting
 + Level 3.5 Dodging
 + Level 5.0 Stealth
 - Level 2.0 Spellcasting
 - Level 1.0 Transmutations
 * Level 6.3 Poison Magic


You had 2 spell levels left.
You knew the following spells:

 Your Spells              Type           Power      Damage    Failure   Level
a - Sting                 Tmut/Pois      92%        1d7       3%          1
o - Olgreb's Toxic Radia  Pois           39%        N/A       12%         4
v - Poisonous Vapours     Pois/Air       42%        N/A       7%          2

Your spell library contained the following spells:

 Spells                   Type           Power      Damage    Failure   Level
 Corpse Rot               Necr/Air       4%         N/A       26%         2
 Mephitic Cloud           Conj/Pois/Air  14%        N/A       22%         3
 Dispel Undead            Necr           2%         3d7       86%         4
 Iskenderun's Battlesphe  Conj           2%         2d6       99%         5
 Death Channel            Necr           1%         N/A       100%        6
 Iron Shot                Conj/Erth      1%         9d1       100%        6
 Spellforged Servitor     Conj/Summ      1%         N/A       100%        7


Dungeon Overview and Level Annotations

Branches:
Dungeon (4/15)
 Temple: D:4-7

Altars:


Innate Abilities, Weirdness & Mutations

You cannot wear most types of armour.
You are amphibious.
You can wear up to eight rings at the same time.
Your skin changes colour to match your surroundings (Stealth+).
Your rubbery body absorbs attacks. (AC +1, EV +1)
((You are camouflaged near water. (Stealth+)))
You have tentacles for arms and can constrict up to eight enemies at once.


Message History

The wyvern bites you!
As you read the scroll labelled SUCKIRERIV, it crumbles to dust.
Wisps of shadow whirl around you...
It was a scroll of summoning.
The wyvern barely misses you.
You swap places.
The wyvern bites your endoplasm!!
Your endoplasm dies!
Your endoplasm dissolves into shadows!
You swap places.
The wyvern bites your ogre!
Your adder skeleton bites the wyvern but does no damage.
Your ogre completely misses the wyvern.
The wyvern bites your ogre!
Your adder skeleton barely misses the wyvern.
The wyvern bites your ogre!!
Your ogre dies!
Your ogre's corpse dissolves into shadows!
You see here an adder corpse.
Casting: Poisonous Vapours (safe; 7% risk of failure)
Confirm with . or Enter, or press ? or * to list all spells.
Aiming: Poisonous Vapours (safe; 7% risk of failure)
Press: ? - help, Dir - move target, f/p - wyvern
Aim: a wyvern (moderately wounded, poisoned, ally target) Poisonous vapours surround the wyvern!
The wyvern looks even sicker.
Your magical contamination has completely faded away.
The wyvern bites you!
* * * LOW HITPOINT WARNING * * *
The wyvern completely misses you.
As you read the scroll labelled MULEOTR XICK, it crumbles to dust.
It is a scroll of enchant weapon.
Your +0 dagger glows red for a moment.
The wyvern bites you.
* * * LOW HITPOINT WARNING * * *
Unknown command.
A wyvern is nearby!
You aren't carrying any items that you can evoke.
It was a potion of curing.
You feel better. The wyvern closely misses you.
Your adder skeleton bites the wyvern.
The wyvern barely misses you.
Your adder skeleton barely misses the wyvern.
It was a potion of brilliance.
You feel clever all of a sudden. The wyvern bites you!
You die...

........).......>....#
###...#.#..#.##......####
###.#.####.##.........#
..#....#.##.........#
####.##.#.##.........#
#..#..............#
##.###.#.#........#
........#.#........#
####.####.#@######## #.[
#.#l# #.#Z# #.#.# #.#†#
#.#.# #.# # #.# #. #.#


You could see a wyvern (poisoned, ally target) and a friendly adder skeleton
(summoned).

Vanquished Creatures
  A scorpion (D:4)
  A howler monkey (D:3)
  An iguana (D:4)
  Terence (D:3)
  An orc wizard (D:3)
  Natasha (thrice) (D:3)
  5 adders
  4 gnolls (D:2)
  An adder skeleton (D:4)
  2 dart slugs
  2 orcs (D:3)
  7 endoplasms
  2 giant cockroaches
  5 goblins
  6 hobgoblins
  11 jackals
  4 ball pythons
  6 bats
  2 frilled lizards
  5 kobolds
  9 rats
79 creatures vanquished.

Notes
Turn   | Place    | Note
-------+----------+-------------------------------------------
     0 | D:1      | orbtoucher the Octopode Venom Mage began the quest for the
                  | Orb.
     0 | D:1      | Reached XP level 1. HP: 11/11 MP: 3/3
   483 | D:1      | Reached XP level 2. HP: 18/18 MP: 5/5
   495 | D:1      | Reached skill level 4 in Poison Magic
   523 | D:1      | Learned a level 2 spell: Poisonous Vapours
   851 | D:1      | Found a faded altar of an unknown god.
  1015 | D:1      | Reached XP level 3. HP: 22/22 MP: 4/6
  1098 | D:1      | Reached skill level 1 in Fighting
  2252 | D:2      | Reached XP level 4. HP: 28/28 MP: 2/7
  2423 | D:2      | Reached skill level 5 in Poison Magic
  2639 | D:2      | Learned a level 4 spell: Olgreb's Toxic Radiance
  2664 | D:3      | Noticed Terence
  2682 | D:3      | Killed Terence
  2683 | D:3      | Reached XP level 5. HP: 34/34 MP: 3/8
  3491 | D:3      | Noticed Natasha
  3501 | D:3      | Killed Natasha
  3502 | D:3      | Reached XP level 6. HP: 14/40 MP: 5/9
  3722 | D:3      | Noticed Natasha
  3729 | D:3      | Killed Natasha
  3940 | D:3      | Noticed Natasha
  3949 | D:3      | Killed Natasha
  4094 | D:4      | Reached skill level 6 in Poison Magic
  4164 | D:4      | Reached skill level 5 in Stealth
  4427 | D:4      | Noticed a wyvern
  4449 | D:4      | Mangled by a wyvern

Illustrated notes

Levels and vault maps discovered:
D:1:      dpeg_arrival_line_fractal, layout_rooms,
          hellmonk_ecumenical_altar_inner_sanctum
D:2:      layout_basic
D:3:      layout_loops_ring, uniq_natasha, uniq_terence
D:4:      layout_basic, serial_shops, kennysheep_mini, uniq_pikel

Skill      XL: |  1  2  3  4  5  6 |
---------------+-------------------+-----
Stealth        | 3 4 5 |  5.0
Poison Magic   | 4 5 6 |  6.3
Fighting       | 1 2 |  2.8
Dodging        | 3 |  3.5
Spellcasting   | |  2.0
Transmutations | |  1.0

Action                   |  1- 3 |  4- 6 || total
-------------------------+-------+-------++-------
Melee: Short sword       |    12 |       ||    12
       Tentacles         |     6 |     8 ||    14
       Constrict         |    10 |    12 ||    22
       Dagger            |    22 |    50 ||    72
Throw: Stone             |     3 |       ||     3
 Cast: Sting             |    22 |     2 ||    24
       Poisonous Vapours |    49 |    89 ||   138
  Use: Scroll            |       |     2 ||     2
       Potion            |       |     2 ||     2
 Stab: Sleeping          |     2 |     2 ||     4
Armor: Skin              |     1 |     5 ||     6
Dodge: Dodged            |    21 |    28 ||    49

Table legend: (Time is in decaauts)
 A = Elapsed time spent in this place.
 B = Non-inter-level travel time spent in this place.
 C = Inter-level travel time spent in this place.
 D = Time resting spent in this place.
 E = Time spent auto-exploring this place.
 F = Levels seen in this place.
 G = Mean time per level.
                   A        B        C        D        E       F      G
               +--------+--------+--------+--------+--------+-----+--------+
         Total |   4450 |   4315 |    135 |   1882 |   1511 |   4 | 1112.5 |
       Dungeon |   4450 |   4315 |    135 |   1882 |   1511 |   4 | 1112.5 |
               +--------+--------+--------+--------+--------+-----+--------+

Top non-repeatable levels by time:
     D:1: 1475 daAuts
     D:3: 1443 daAuts
     D:2: 1166 daAuts
     D:4: 364 daAuts
